NCAA
OREGON DUCKS @ PITTSBURGH PANTHERS
05/01/2023
 
TOP OF THE 1ST
Oregon Ducks batting - Pitching for Pittsburgh Panthers : RHP Scott Doss
Pitching: RHP Scott Doss
Batting: SHB Will Evans 0-0: Foul Ball, location: 2F
0-1: Ball
1-1: Bunt for hit - play at first, batter OUT! 5-3
Batting: LHB José Hernández 0-0: Ball
1-0: Ball
2-0: Called Strike
2-1: Foul Ball, location: 2F
2-2: Strikes out swinging
Batting: LHB Jason Roberts 0-0: Called Strike
0-1: SINGLE (Groundball, 34D)
Batting: LHB Jorge Rivera 0-0: Ball
1-0: Ball
2-0: Foul Ball, location: 2F
2-1: Fielders Choice at 2nd, 6-4 (Groundball, 6)
Top of the 1st over - 0 run(s), 1 hit(s), 0 error(s), 0 left on base; Oregon 0 - Pittsburgh 0
BOTTOM OF THE 1ST
Pittsburgh Panthers batting - Pitching for Oregon Ducks : RHP Will Tyler
Pitching: RHP Will Tyler
Batting: RHB Gerald Arnold 0-0: Foul Ball, location: 2F
0-1: Ground out 5-3 (Groundball, 5L)
Batting: SHB Chet Johnston 0-0: Foul Ball, location: 2F
0-1: Foul Ball, location: 2F
0-2: Strikes out swinging
Batting: RHB León Rivera 0-0: Called Strike
0-1: Ground out 6-3 (Groundball, 6)
Bottom of the 1st over - 0 run(s), 0 hit(s), 0 error(s), 0 left on base; Oregon 0 - Pittsburgh 0
TOP OF THE 2ND
Oregon Ducks batting - Pitching for Pittsburgh Panthers : RHP Scott Doss
Batting: RHB Ricardo Salazar 0-0: Ball
1-0: Called Strike
1-1: Called Strike
1-2: Foul Ball, location: 2F
1-2: Strikes out looking
Batting: LHB José Román 0-0: Swinging Strike
0-1: Ground out 4-3 (Groundball, 4)
Batting: RHB Wade Floyd 0-0: Fly out, F3 (Popup, 3F)
Top of the 2nd over - 0 run(s), 0 hit(s), 0 error(s), 0 left on base; Oregon 0 - Pittsburgh 0
BOTTOM OF THE 2ND
Pittsburgh Panthers batting - Pitching for Oregon Ducks : RHP Will Tyler
Batting: LHB Mark Folger 0-0: DOUBLE (Flyball, 89M)
Batting: LHB Phil Neal 0-0: Fly out, F5 (Popup, 5)
Batting: SHB Jacob Everett 0-0: Ball
Mark Folger is caught stealing 3rd base
1-0: Foul Ball, location: 2F
1-1: Fly out, F6 (Popup, 56)
Bottom of the 2nd over - 0 run(s), 1 hit(s), 0 error(s), 0 left on base; Oregon 0 - Pittsburgh 0
TOP OF THE 3RD
Oregon Ducks batting - Pitching for Pittsburgh Panthers : RHP Scott Doss
Batting: RHB Brian Lee 0-0: Ball
1-0: Ground out 4-3 (Groundball, 4)
Batting: RHB Bob Levinson 0-0: Ball
1-0: Reached on Error, E7 (Flyball, 78M)
Batting: SHB Will Evans 0-0: Ball
1-0: Called Strike
1-1: Fielders Choice at 2nd, 6-4 (Groundball, 6)
Batting: LHB José Hernández 0-0: Ball
1-0: Called Strike
1-1: Ball
Will Evans is caught stealing 2nd base
Top of the 3rd over - 0 run(s), 0 hit(s), 1 error(s), 0 left on base; Oregon 0 - Pittsburgh 0
BOTTOM OF THE 3RD
Pittsburgh Panthers batting - Pitching for Oregon Ducks : RHP Will Tyler
Batting: RHB Aaron Grizzle 0-0: Ball
1-0: Called Strike
1-1: Fly out, F7 (Flyball, 7M)
Batting: RHB Pat Moore 0-0: Called Strike
0-1: Ball
1-1: Ball
2-1: Called Strike
2-2: Foul Ball, location: 2F
2-2: Strikes out swinging
Batting: RHB Damon McKay 0-0: Ball
1-0: Ball
2-0: Called Strike
2-1: Foul Ball, location: 2F
2-2: Ball
3-2: Strikes out swinging
Bottom of the 3rd over - 0 run(s), 0 hit(s), 0 error(s), 0 left on base; Oregon 0 - Pittsburgh 0
TOP OF THE 4TH
Oregon Ducks batting - Pitching for Pittsburgh Panthers : RHP Scott Doss
Batting: LHB José Hernández 0-0: Foul Ball, location: 2F
0-1: Fly out, F4 (Popup, 4)
Batting: LHB Jason Roberts 0-0: Called Strike
0-1: SINGLE (Groundball, 25) (infield hit)
Batting: LHB Jorge Rivera 0-0: Called Strike
0-1: Ball
1-1: Ball
2-1: DOUBLE (Flyball, 78M)
Jason Roberts to third
Batting: RHB Ricardo Salazar 0-0: DOUBLE (Line Drive, 7LS)
Jason Roberts scores
Jorge Rivera scores
Batting: LHB José Román 0-0: Called Strike
0-1: Ball
1-1: Swinging Strike
1-2: Fly out, F7 (Flyball, 7S)
Batting: RHB Wade Floyd 0-0: Foul Ball, location: 2F
0-1: Ball
1-1: Foul Ball, location: 2F
1-2: Ball
2-2: Foul Ball, location: 2F
2-2: Ball
3-2: Ground out 2-3 (Groundball, 23)
Top of the 4th over - 2 run(s), 3 hit(s), 0 error(s), 1 left on base; Oregon 2 - Pittsburgh 0
BOTTOM OF THE 4TH
Pittsburgh Panthers batting - Pitching for Oregon Ducks : RHP Will Tyler
Batting: RHB Gerald Arnold 0-0: Called Strike
0-1: Ball
1-1: Called Strike
1-2: Ball
2-2: Ball
3-2: Foul Ball, location: 2F
3-2: Strikes out looking
Batting: SHB Chet Johnston 0-0: Called Strike
0-1: Ball
1-1: Foul Ball, location: 2F
1-2: Strikes out looking
Batting: RHB León Rivera 0-0: Called Strike
0-1: Ground out 5-3 (Groundball, 56S)
Bottom of the 4th over - 0 run(s), 0 hit(s), 0 error(s), 0 left on base; Oregon 2 - Pittsburgh 0
TOP OF THE 5TH
Oregon Ducks batting - Pitching for Pittsburgh Panthers : RHP Scott Doss
Batting: RHB Brian Lee 0-0: Called Strike
0-1: Ball
1-1: Foul Ball, location: 2F
1-2: Strikes out swinging
Batting: RHB Bob Levinson 0-0: Ball
1-0: Ball
2-0: SINGLE (Groundball, 34D)
Batting: SHB Will Evans 0-0: Called Strike
0-1: Fielders Choice at 2nd, U4 (Groundball, 4)
Batting: LHB José Hernández 0-0: Ball
1-0: Ball
2-0: Swinging Strike
2-1: Called Strike
2-2: Strikes out looking
Top of the 5th over - 0 run(s), 1 hit(s), 0 error(s), 1 left on base; Oregon 2 - Pittsburgh 0
BOTTOM OF THE 5TH
Pittsburgh Panthers batting - Pitching for Oregon Ducks : RHP Will Tyler
Batting: LHB Mark Folger 0-0: Ball
1-0: Fly out, F2 (Popup, 25F)
Batting: LHB Phil Neal 0-0: Ball
1-0: Swinging Strike
1-1: Ball
2-1: Foul Ball, location: 2F
2-2: Ball
3-2: Strikes out swinging
Batting: SHB Jacob Everett 0-0: Called Strike
0-1: Foul Ball, location: 2F
0-2: Foul Ball, location: 2F
0-2: Ball
1-2: SINGLE (Groundball, 15) (infield hit)
Batting: RHB Aaron Grizzle 0-0: Ground out 6-3 (Groundball, 6)
Bottom of the 5th over - 0 run(s), 1 hit(s), 0 error(s), 1 left on base; Oregon 2 - Pittsburgh 0
TOP OF THE 6TH
Oregon Ducks batting - Pitching for Pittsburgh Panthers : RHP Scott Doss
Batting: LHB Jason Roberts 0-0: Ball
1-0: Ground out 3-1 (Groundball, 3L)
Batting: LHB Jorge Rivera 0-0: Swinging Strike
0-1: Called Strike
0-2: Ball
1-2: Foul Ball, location: 2F
1-2: Ball
2-2: Foul Ball, location: 2F
2-2: Ball
3-2: Strikes out looking
Batting: RHB Ricardo Salazar 0-0: Ball
1-0: Ball
2-0: Called Strike
2-1: DOUBLE (Line Drive, 9LM)
Pitching: LHP Lee McConnell
Batting: LHB José Román 0-0: Swinging Strike
0-1: Ground out 1-3 (Groundball, 13S)
Top of the 6th over - 0 run(s), 1 hit(s), 0 error(s), 1 left on base; Oregon 2 - Pittsburgh 0
BOTTOM OF THE 6TH
Pittsburgh Panthers batting - Pitching for Oregon Ducks : RHP Will Tyler
Batting: RHB Pat Moore 0-0: Called Strike
0-1: Fly out, F4 (Popup, 4MD)
Batting: RHB Damon McKay 0-0: Swinging Strike
0-1: Ball
1-1: Foul Ball, location: 2F
1-2: Strikes out looking
Batting: RHB Gerald Arnold 0-0: Ball
1-0: Ball
2-0: Foul Ball, location: 2F
2-1: Swinging Strike
2-2: Ground out 1-3 (Groundball, 15S)
Bottom of the 6th over - 0 run(s), 0 hit(s), 0 error(s), 0 left on base; Oregon 2 - Pittsburgh 0
TOP OF THE 7TH
Oregon Ducks batting - Pitching for Pittsburgh Panthers : LHP Lee McConnell
Batting: RHB Wade Floyd 0-0: Called Strike
0-1: Fly out, F7 (Line Drive, 7M)
Batting: RHB Brian Lee 0-0: Called Strike
0-1: Ball
1-1: Ball
2-1: SINGLE (Line Drive, 4M)
Batting: RHB Bob Levinson 0-0: Called Strike
0-1: Ball
1-1: Fly out, F9 (Flyball, 9LS)
Batting: SHB Will Evans 0-0: Ball
1-0: Ball
2-0: Swinging Strike
2-1: Swinging Strike
2-2: Strikes out swinging
Top of the 7th over - 0 run(s), 1 hit(s), 0 error(s), 1 left on base; Oregon 2 - Pittsburgh 0
BOTTOM OF THE 7TH
Pittsburgh Panthers batting - Pitching for Oregon Ducks : RHP Will Tyler
Batting: SHB Chet Johnston 0-0: Ground out 4-3 (Groundball, 4)
Batting: RHB León Rivera 0-0: Ball
1-0: Ball
2-0: Swinging Strike
2-1: Swinging Strike
2-2: Strikes out swinging
Batting: LHB Mark Folger 0-0: Swinging Strike
0-1: Called Strike
0-2: Foul Ball, location: 2F
0-2: Ball
1-2: Foul Ball, location: 2F
1-2: Foul Ball, location: 2F
1-2: Ball
2-2: SINGLE (Line Drive, 34D)
Batting: LHB Phil Neal 0-0: Ball
1-0: Foul Ball, location: 2F
1-1: Foul Ball, location: 2F
1-2: Strikes out swinging
Bottom of the 7th over - 0 run(s), 1 hit(s), 0 error(s), 1 left on base; Oregon 2 - Pittsburgh 0
TOP OF THE 8TH
Oregon Ducks batting - Pitching for Pittsburgh Panthers : LHP Lee McConnell
Batting: LHB José Hernández 0-0: Foul Ball, location: 2F
0-1: Ball
1-1: Ball
2-1: Ball
3-1: Base on Balls
Batting: LHB Jason Roberts 0-0: Ball
1-0: Ball
2-0: Ball
3-0: Called Strike
3-1: Base on Balls
José Hernández to second
Batting: LHB Jorge Rivera 0-0: Ball
1-0: Ball
2-0: Fly out, F7 (Flyball, 78M)
Batting: RHB Ricardo Salazar 0-0: Called Strike
0-1: Foul Ball, location: 2F
0-2: Foul Ball, location: 2F
0-2: Fly out, F5 (Line Drive, 5)
Pinch Hitting: RHB Tony Cabrera 0-0: Ball
1-0: Foul Ball, location: 2F
1-1: Called Strike
1-2: Foul Ball, location: 2F
1-2: Strikes out looking
Top of the 8th over - 0 run(s), 0 hit(s), 0 error(s), 2 left on base; Oregon 2 - Pittsburgh 0
BOTTOM OF THE 8TH
Pittsburgh Panthers batting - Pitching for Oregon Ducks : RHP Will Tyler
Pitching: RHP Michael Nelson
Now in RF: Chris Hyde
Batting: SHB Jacob Everett 0-0: Ball
1-0: SOLO HOME RUN (Flyball, 9D), Distance : 346 ft
Batting: RHB Aaron Grizzle 0-0: Fly out, F9 (Flyball, 89M)
Batting: RHB Pat Moore 0-0: Ball
1-0: Ball
2-0: Ball
3-0: Called Strike
3-1: Base on Balls
Batting: RHB Damon McKay 0-0: 2-RUN HOME RUN (Line Drive, 78XD), Distance : 376 ft
Pitching: LHP Theodore Plummer
Batting: RHB Gerald Arnold 0-0: Ball
1-0: Ball
2-0: Called Strike
2-1: Foul Ball, location: 2F
2-2: Foul Ball, location: 2F
2-2: Strikes out swinging
Batting: SHB Chet Johnston 0-0: SINGLE (Groundball, 34D)
Batting: RHB León Rivera 0-0: Ball
1-0: Ball
2-0: Ball
3-0: Called Strike
3-1: Fly out, F7 (Flyball, 78M)
Bottom of the 8th over - 3 run(s), 3 hit(s), 0 error(s), 1 left on base; Oregon 2 - Pittsburgh 3
TOP OF THE 9TH
Oregon Ducks batting - Pitching for Pittsburgh Panthers : LHP Lee McConnell
Pitching: RHP Cisco Quintana
Batting: RHB Wade Floyd 0-0: Foul Ball, location: 2F
0-1: Called Strike
0-2: Foul Ball, location: 2F
0-2: Strikes out looking
Batting: RHB Brian Lee 0-0: Ball
1-0: Ground out 6-3 (Groundball, 6S)
Batting: RHB Bob Levinson 0-0: Foul Ball, location: 2F
0-1: Ball
1-1: Called Strike
1-2: Strikes out looking
Top of the 9th over - 0 run(s), 0 hit(s), 0 error(s), 0 left on base; Oregon 2 - Pittsburgh 3
This league is powered by Out of the Park Baseball, the baseball management simulation game for PC, Mac and Linux
Wednesday, December 2nd, 2015 - OOTP Baseball 16.8 Build 38